 Dungeon Crawl Stone Soup version 0.29-a0-275-g389c0b56f3 (webtiles) character file.

Game seed: 12408481597836526837

3012 horus123 the Disciple of Destruction (level 9, -4/68 (79) HPs)
             Began as a Hill Orc Fighter on Mar 12, 2022.
             Was a Follower of Makhleb.
             Killed from afar by Maggie (22 damage)
             ... with a bolt of fire
             ... on level 7 of the Dungeon.
             The game lasted 00:10:51 (5820 turns).

horus123 the Disciple of Destruction (HOFi)         Turns: 5820, Time: 00:10:52

HP:   -4/68 (79)    AC: 17    Str: 23    XL:     9   Next: 84%
MP:   17/17         EV:  6    Int:  8    God:    Makhleb [*.....]
Gold: 294           SH:  4    Dex: 10    Spells: 8/8 levels left

rFire   . . .      SeeInvis .   n - +2 flail (vorpal)
rCold   . . .      Faith    .   c - +0 buckler
rNeg    . . .      Spirit   .   k - +0 plate armour
rPois   .          Reflect  .   e - +2 helmet
rElec   .          Harm     .   (no cloak)
rCorr   .          Rampage  .   (no gloves)
Will    .....                   (no boots)
Stlth   ..........              d - amulet of regeneration
HPRegen 1.01/turn               (no ring)
MPRegen 0.15/turn               (no ring)

@: mesmerised, heavily drained
A: no striking features
a: Renounce Religion


You were on level 7 of the Dungeon.
You worshipped Makhleb.
Makhleb was aware of your devotion.
You visited 1 branch of the dungeon, and saw 7 of its levels.
You also visited: Ossuary.

You collected 294 gold pieces.

Inventory:

Hand Weapons
 n - a +2 vorpal flail (weapon)
Missiles
 m - 4 javelins (quivered)
 q - 2 datura-tipped darts
 r - 7 poisoned darts
Armour
 c - a +0 buckler (worn)
 e - a +2 helmet (worn)
 k - a +0 plate armour (worn)
Jewellery
 a - an amulet of faith
 d - an amulet of regeneration (around neck)
 g - a ring of resist corrosion
 h - a ring of ice
 t - a ring of fire
Wands
 D - a wand of flame (26)
Scrolls
 i - a scroll of holy word
 j - 3 scrolls of fog
 l - a scroll of noise
 u - 3 scrolls of teleportation
 v - a scroll of vulnerability {unknown}
 x - a scroll of blinking
 y - a scroll of fear
 B - a scroll of identify
 E - a scroll of magic mapping
Potions
 b - 3 potions of flight
 f - a potion of brilliance {unknown}
 o - a potion of resistance {unknown}
 p - 2 potions of cancellation {unknown}
 s - a potion of heal wounds {unknown}
 w - 2 potions of lignification {unknown}
 z - 2 potions of curing
 A - 2 potions of attraction {unknown}
 C - a potion of haste {unknown}
 F - a potion of ambrosia {unknown}
 G - a potion of degeneration {unknown}


   Skills:
 - Level 7.0 Fighting
 - Level 2.6(5.4) Axes
 - Level 6.2(6.4) Maces & Flails
 - Level 8.2 Armour
 - Level 3.3 Shields
 + Level 11.0 Invocations


You had 8 spell levels left.
You didn't know any spells.
Your spell library contained the following spells:

 Spells                   Type           Power      Damage    Failure   Level
 Foxfire                  Conj/Fire      0%         2x1d4     100%        1
 Conjure Flame            Conj/Fire      0%         6-21      100%        3
 Dazzling Flash           Conj/Hex       0%         N/A       100%        3
 Inner Flame              Hex/Fire       0%         N/A       100%        3
 Ozocubu's Armour         Ice            0%         N/A       100%        3
 Flame Wave               Conj/Fire      0%         2d4       100%        4
 Agony                    Necr           0%         N/A       100%        5
 Silence                  Hex/Air        0%         N/A       100%        5
 Ozocubu's Refrigeration  Ice            0%         4d5       100%        7


Dungeon Overview and Level Annotations

Branches:
Dungeon (7/15)            Ossuary (visited)
 Temple: D:4-7

Altars:
Ashenzari
Fedhas
Hepliaklqana
Makhleb
Yredelemnul

Shops:
D:1 *

Annotations:
D:7 Maggie


Message History

Maggie hits you but does no damage.
You feel drained.
You barely miss Maggie.
Maggie is severely wounded.
Maggie hits you but does no damage.
You feel drained.
You barely miss Maggie.
Maggie is severely wounded.
Maggie hits you but does no damage.
You feel drained.
You closely miss Maggie.
Maggie is severely wounded.
Maggie casts a spell.
Maggie attempts to bespell you!
You are mesmerised by Maggie!
Maggie mumbles the words to a spell, but in the wrong order.
Maggie hits you with a +1 scimitar of draining!
You feel drained.
You closely miss Maggie.
Maggie is severely wounded.
Maggie hits you with a +1 scimitar of draining!
* * * LOW HITPOINT WARNING * * *
You feel drained.
* * * LOW HITPOINT WARNING * * *
You hit Maggie.
Maggie is severely wounded.
You block Maggie's attack.
You barely miss Maggie.
Maggie is severely wounded.
Maggie completely misses you.
You hit Maggie but do no damage.
Maggie is severely wounded.
Maggie hits you with a +1 scimitar of draining.
* * * LOW HITPOINT WARNING * * *
You feel drained.
You hit Maggie.
Maggie is severely wounded.
Maggie closely misses you.
You barely miss Maggie.
Maggie is severely wounded.
Maggie casts a spell at you. The bolt of fire hits you!!
You die...

#.....).......
#.............
#...?.........
#.....$.......
#.............
#.............
#.............
######@#######
#@# #.#
#.#######
#<.......
#.####### #.#
#.# #.# #.#


You could see Maggie (mesmerising).

Vanquished Creatures
  Pikel (D:4)
  3 yaks (D:6)
  A steam dragon (D:6)
  A water moccasin (D:6)
  An orc warrior (D:6)
  2 ice beasts (D:6)
  A sky beast (D:6)
  A phantom (D:4)
  2 centaurs
  3 necrophages
  5 scorpions
  4 wights (D:6)
  A hound (D:5)
  2 gnoll shamans
  3 orc priests
  Jessica (D:3)
  3 iguanas
  2 orc wizards
  3 mummies (Ossuary)
  10 gnolls
  3 adders
  2 white imps
  3 ufetubi
  4 adder zombies (Ossuary)
  3 dart slugs
  16 orcs
  2 endoplasms
  6 giant cockroaches
  A gnoll zombie (Ossuary)
  3 hobgoblins
  A jackal (D:2)
  4 kobolds
  4 quokkas
  5 ball pythons
  6 bats
  4 frilled lizards
  5 goblins
  3 goblin zombies (Ossuary)
  6 hobgoblin zombies (Ossuary)
  2 kobold zombies (Ossuary)
  A quokka zombie (Ossuary)
  5 rats
  A rat zombie (Ossuary)
140 creatures vanquished.

Vanquished Creatures (others)
  3 plants (D:1)
3 creatures vanquished.

Grand Total: 143 creatures vanquished

Notes
Turn   | Place    | Note
-------+----------+-------------------------------------------
     0 | D:1      | horus123 the Hill Orc Fighter began the quest for the Orb.
     0 | D:1      | Reached XP level 1. HP: 19/19 MP: 1/1
     8 | D:1      | Found Vukkiwyrha's General Store.
   224 | D:1      | Reached XP level 2. HP: 27/27 MP: 2/2
   633 | D:1      | Reached XP level 3. HP: 35/35 MP: 3/3
   723 | D:1      | Reached skill level 5 in Fighting
   909 | D:2      | Found a faded altar of an unknown god.
  1531 | D:3      | Found a hazy altar of Hepliaklqana.
  1624 | D:3      | Noticed Jessica
  1626 | D:3      | Killed Jessica
  1627 | D:3      | Reached XP level 4. HP: 44/44 MP: 4/4
  1851 | D:3      | Noticed a centaur
  1956 | D:3      | Killed a centaur
  1957 | D:3      | Reached XP level 5. HP: 12/52 MP: 5/5
  2619 | D:4      | Noticed a phantom
  2632 | D:4      | Killed a phantom
  2633 | D:4      | Reached XP level 6. HP: 57/60 MP: 6/6
  3230 | D:4      | Noticed Pikel
  3251 | D:4      | HP: 3/60 [Pikel/+0 whip of electrocution (3)]
  3254 | D:4      | Killed Pikel
  3255 | D:4      | Reached XP level 7. HP: 8/66 MP: 7/7
  3544 | D:5      | Entered Level 5 of the Dungeon
  3595 | D:5      | Reached XP level 8. HP: 67/73 MP: 8/8
  3678 | D:5      | Found a sand-covered staircase.
  3686 | Ossuary  | Entered an ossuary
  4115 | D:5      | Reached skill level 5 in Maces & Flails
  4387 | D:6      | Found a burning altar of Makhleb.
  4395 | D:6      | Became a worshipper of Makhleb the Destroyer
  4441 | D:6      | Reached skill level 1 in Invocations
  4598 | D:6      | Reached skill level 2 in Invocations
  4677 | D:6      | Reached skill level 3 in Invocations
  4693 | D:6      | Found a blossoming altar of Fedhas.
  4775 | D:6      | Reached skill level 4 in Invocations
  4788 | D:6      | Reached skill level 5 in Invocations
  4788 | D:6      | Reached XP level 9. HP: 62/79 MP: 12/12
  4871 | D:6      | Reached skill level 6 in Invocations
  4911 | D:6      | Found a broken altar of Ashenzari.
  4933 | D:6      | Reached skill level 7 in Invocations
  5095 | D:6      | Reached skill level 8 in Invocations
  5105 | D:6      | Reached skill level 9 in Invocations
  5254 | D:6      | Reached skill level 10 in Invocations
  5265 | D:6      | Reached * piety under Makhleb
  5331 | D:6      | Found a basalt altar of Yredelemnul.
  5777 | D:7      | Noticed Maggie
  5797 | D:7      | Reached skill level 11 in Invocations
  5820 | D:7      | Killed from afar by Maggie

Illustrated notes

Levels and vault maps discovered:
D:1:      psy_arrival_dodecagon, layout_loops_ring, serial_shops,
          nicolae_shop_trees, serial_bayou_lake_a
D:2:      layout_rooms, basic_ecumenical_altar, minmay_split_cup_large
D:3:      wad_pebble_path, layout_basic, mainiacjoe_overflow_catwalk,
          hangedman_decor_slide_cut, uniq_jessica
D:4:      layout_basic, minivault_25, uniq_pikel
D:5:      layout_rooms, enter_ossuary_2, corner_web_ring
D:6:      layout_basic, bloody_makhleb, marbit_many_paths, lemuel_tele_altar,
          nicolae_ashenzari_panopticon, lightli_minifort
D:7:      layout_basic, nicolae_dithmenos_shadow_blocks,
          mainiacjoe_overflow_alcove_2, nicolae_gozag_zags_fifth_avenue,
          minmay_temple_entry_drinking_statues, uniq_maggie

Skill      XL: |  1  2  3  4  5  6  7  8  9 |
---------------+----------------------------+-----
Fighting       | 4 5 7 |  7.0
Maces & Flails | 3 4 6 |  6.2
Armour         | 7 8 |  8.2
Invocations    | 5 11 | 11.0
Axes           | |  2.6
Shields        | |  3.3

Action                   |  1- 3 |  4- 6 |  7- 9 || total
-------------------------+-------+-------+-------++-------
Melee: War axe           |    57 |       |       ||    57
       Flail             |    12 |    96 |   322 ||   430
Throw: Javelin           |     3 |     3 |       ||     6
  Use: Potion            |       |     1 |       ||     1
       Scroll            |       |     5 |    10 ||    15
Armor: Scale mail        |    25 |       |       ||    25
       Plate armour      |    23 |    82 |   193 ||   298
Dodge: Dodged            |    32 |    28 |   109 ||   169
Block: Buckler           |    15 |    16 |    56 ||    87

Table legend: (Time is in decaauts)
 A = Elapsed time spent in this place.
 B = Non-inter-level travel time spent in this place.
 C = Inter-level travel time spent in this place.
 D = Time resting spent in this place.
 E = Time spent auto-exploring this place.
 F = Levels seen in this place.
 G = Mean time per level.
                   A        B        C        D        E       F      G
               +--------+--------+--------+--------+--------+-----+--------+
         Total |   5957 |   5753 |    204 |    434 |   4053 |   8 |  744.6 |
       Dungeon |   5730 |   5526 |    204 |    401 |   3983 |   7 |  818.6 |
       Ossuary |    227 |    227 |      0 |     33 |     70 |   1 |  227.0 |
               +--------+--------+--------+--------+--------+-----+--------+

Top non-repeatable levels by time:
     D:6: 1479 daAuts
     D:3: 1135 daAuts
     D:4: 946 daAuts
     D:1: 940 daAuts
     D:2: 609 daAuts
     D:5: 557 daAuts
 Ossuary: 227 daAuts
     D:7: 60 daAuts
